AoeStats
← Icelight

Lombardia

507901809Analyzed
4v4 RM · 13d ago on Sep 20, 2026· 77m 4s· 8 players
Game mode
Random Map
Map size
Large (8 player)
Population
200
Speed
Normal
Resources
Standard
Victory
Conquest
Starting age
Dark Age
Ending age
Imperial Age
RankedLock teamsTeams togetherTeam positionsShared explorationLock speedFull tech treeHidden civsTurbo modeCheats
Victory
Defeat
🇨🇦 Italians · Canada
1142
+13
🇨🇦 Romans · Canada
1137
+13
🇨🇦 Mongols · Canada
1136
+13
🇺🇸 Burgundians · United States
1111
+14
🇨🇴 Romans · Colombia
1098
-14
🇯🇵 Inca · Japan
1078
-15
🇳🇿 Bohemians · New Zealand
1046
-12
🇹🇼 Goths · Taiwan
1043
-12
168kcal
3:21 Loom
11:34 Feudal Age
12:58 Double-Bit Axe
15:58 Castle Age
15:15 Horse Collar
16:20 Gold Mining
17:34 Bow Saw
23:25 Champi Runner
24:06 Squires
25:21 Wheelbarrow
25:34 Wheelbarrow
25:04 Champi Warrior
25:55 Town Watch
27:27 Pikeman
28:09 Scale Mail Armor
28:21 Forging
29:35 Chain Mail Armor
30:57 Iron Casting
34:11 Imperial Age
32:46 Hand Cart
33:30 Fortified Wall
33:37 Town Patrol
33:40 Heavy Plow
33:32 Stone Mining
34:18 Gold Shaft Mining
35:27 Plate Mail Armor
34:47 Halberdier
35:26 Arson
36:10 Elite Champi Warrior
37:54 Fletching
38:04 Padded Archer Armor
39:15 Blast Furnace
38:11 Fletching
39:54 Conscription
39:57 Fabric Shields
42:22 Caravan
46:04 Crop Rotation
54:03 Elite Kamayuk
55:19 Hoardings
55:05 Crossbowman
55:06 Elite Skirmisher
55:56 Thumb Ring
58:49 Bodkin Arrow
59:02 Siege Engineers
59:10 Masonry
60:09 Chemistry
60:36 Bracer
71:08 Padded Archer Armor
Chuterr
1:57 Loom
11:40 Feudal Age
12:15 Double-Bit Axe
12:50 Stone Mining
13:03 Horse Collar
18:18 Gold Mining
20:31 Castle Age
19:26 Fletching
19:39 Scale Mail Armor
19:50 Forging
19:14 Man-at-Arms
21:57 Bow Saw
23:42 Heavy Plow
26:52 Wheelbarrow
26:02 Town Watch
28:10 Gold Shaft Mining
32:02 Imperial Age
30:13 Hand Cart
29:59 Town Patrol
31:26 Long Swordsman
32:07 Squires
31:28 Pikeman
32:31 Ballistas
34:04 Ballistics
33:51 Halberdier
33:52 Legionary
34:56 Guilds
35:11 Masonry
35:11 Siege Engineers
35:50 Iron Casting
35:25 Scale Barding Armor
36:15 Chain Mail Armor
36:25 Conscription
37:31 Chemistry
37:04 Architecture
37:12 Crop Rotation
41:17 Bodkin Arrow
42:31 Blast Furnace
41:54 Chain Barding Armor
41:01 Elite Centurion
42:07 Heavy Scorpion
46:35 Comitatenses
47:24 Murder Holes
47:22 Guard Tower
73:16 Fortified Wall
73:41 Keep
chichimp
10:59 Feudal Age
9:52 Loom
15:23 Castle Age
14:55 Horse Collar
17:22 Heavy Plow
19:11 Double-Bit Axe
22:09 Wheelbarrow
24:38 Bow Saw
29:32 Imperial Age
28:15 Chemistry
28:05 Padded Archer Armor
29:34 Hand Cart
30:38 Leather Archer Armor
31:28 Houfnice
32:59 Town Watch
33:27 Wagenburg Tactics
33:45 Conscription
33:38 Fletching
34:41 Ring Archer Armor
34:47 Scale Mail Armor
34:10 Pikeman
34:53 Squires
34:40 Halberdier
36:15 Forging
40:34 Siege Engineers
42:06 Chain Mail Armor
42:26 Iron Casting
49:24 Plate Mail Armor
49:54 Blast Furnace
jason916802
13:16 Feudal Age
16:41 Double-Bit Axe
16:40 Horse Collar
19:19 Castle Age
18:40 Gold Mining
18:41 Stone Mining
20:25 Bow Saw
20:27 Heavy Plow
25:29 Scale Mail Armor
28:53 Stone Shaft Mining
29:42 Wheelbarrow
29:41 Squires
30:49 Forging
30:57 Chain Mail Armor
34:53 Imperial Age
33:08 Hand Cart
34:51 Iron Casting
33:59 Pikeman
35:40 Elite Huskarl
37:41 Blast Furnace
37:10 Halberdier
38:33 Conscription
39:52 Man-at-Arms
40:21 Long Swordsman
41:41 Scale Barding Armor
42:01 Husbandry
42:46 Bloodlines
42:31 Cavalier
43:48 Chain Barding Armor
44:59 Light Cavalry
46:52 Hussar
54:11 Caravan
55:00 Crop Rotation
55:41 Two-Man Saw
TinkyBoi
10:46 Loom
12:32 Feudal Age
17:10 Castle Age
17:57 Double-Bit Axe
17:58 Horse Collar
19:07 Gold Mining
20:11 Bow Saw
21:04 Gold Shaft Mining
25:29 Fletching
26:04 Heavy Plow
26:05 Town Watch
27:18 Padded Archer Armor
27:30 Nomads
29:12 Wheelbarrow
28:38 Stone Mining
29:20 Bodkin Arrow
29:46 Leather Archer Armor
30:05 Town Patrol
31:48 Stone Shaft Mining
31:32 Hand Cart
33:08 Bloodlines
32:59 Husbandry
36:25 Imperial Age
35:00 Crossbowman
36:01 Thumb Ring
36:48 Elite Mangudai
38:19 Parthian Tactics
37:59 Bracer
38:12 Forging
38:07 Scale Barding Armor
38:29 Conscription
40:02 Ballistics
40:42 Chemistry
39:48 Siege Engineers
39:06 Onager
41:12 Drill
42:36 Hoardings
41:34 Siege Onager
44:36 Iron Casting
44:22 Chain Barding Armor
46:53 Light Cavalry
50:18 Hussar
52:18 Blast Furnace
62:44 Caravan
73:34 Nomads
Icelight
7:33 Loom
10:24 Feudal Age
11:38 Double-Bit Axe
14:38 Horse Collar
18:12 Castle Age
17:59 Forging
18:22 Bow Saw
18:15 Heavy Plow
18:11 Gold Mining
18:26 Cavalier
19:08 Husbandry
21:47 Scale Barding Armor
24:16 Wheelbarrow
24:14 Stone Mining
31:45 Hand Cart
31:55 Chain Barding Armor
35:17 Imperial Age
33:18 Scale Mail Armor
33:54 Iron Casting
33:57 Caravan
35:23 Paladin
36:24 Man-at-Arms
38:12 Blast Furnace
42:10 Long Swordsman
43:32 Chain Mail Armor
43:25 Squires
44:17 Conscription
43:42 Two-Handed Swordsman
47:37 Burgundian Vineyards
47:29 Champion
52:18 Fletching
52:50 Fortified Wall
53:49 Plate Barding Armor
56:02 Two-Man Saw
55:40 Plate Mail Armor
55:40 Padded Archer Armor
57:41 Chemistry
58:25 Leather Archer Armor
59:08 Crop Rotation
59:50 Bodkin Arrow
61:52 Bracer
61:51 Elite Coustillier
scrappy_18
11:12 Feudal Age
13:54 Loom
16:16 Castle Age
14:52 Horse Collar
17:00 Man-at-Arms
17:45 Long Swordsman
18:47 Double-Bit Axe
22:35 Scale Mail Armor
26:33 Forging
27:11 Heavy Plow
31:30 Imperial Age
29:44 Bow Saw
30:35 Wheelbarrow
31:13 Chain Mail Armor
31:34 Iron Casting
33:58 Legionary
35:37 Ballistas
37:17 Blast Furnace
38:08 Heavy Scorpion
44:03 Siege Engineers
45:02 Chemistry
47:02 Comitatenses
47:03 Conscription
47:01 Hand Cart
47:50 Squires
51:45 Caravan
54:39 Ballistics
54:30 Fortified Wall
54:26 Capped Ram
55:19 Siege Ram
57:34 Crop Rotation
61:04 Pikeman
64:14 Halberdier
65:39 Town Watch
65:29 Sappers
snippedgentile
11:58 Feudal Age
11:22 Loom
13:35 Double-Bit Axe
16:11 Castle Age
14:34 Horse Collar
16:21 Wheelbarrow
19:12 Fletching
20:26 Heavy Plow
20:44 Bow Saw
22:18 Hand Cart
24:15 Gold Mining
25:04 Stone Mining
30:46 Imperial Age
28:34 Bodkin Arrow
30:49 Stone Shaft Mining
30:24 Padded Archer Armor
31:36 Bracer
31:51 Leather Archer Armor
31:45 Thumb Ring
34:34 Two-Man Saw
34:08 Ring Archer Armor
33:20 Elite Genoese Crossbowman
35:17 Crop Rotation
35:29 Conscription
35:43 Ballistics
36:02 Silk Road
37:19 Chemistry
43:55 Caravan
46:22 Onager
47:24 Forging
47:19 Scale Barding Armor
47:27 Masonry
46:57 Treadmill Crane
47:12 Murder Holes
49:04 Crossbowman
49:59 Arbalester
52:15 Iron Casting
52:00 Chain Barding Armor
52:25 Light Cavalry
53:35 Bloodlines
53:27 Husbandry
54:09 Hussar
57:11 Blast Furnace
56:46 Plate Barding Armor
69:38 Pirotechnia
Connection lost

Rejoining the realm…

Still unreachable

The connection could not be restored.

Session expired

The server has moved on; the page needs a fresh start.